[Event "Titled Tuesday Blitz August 16 Late 2022"]
[White "Winterberg, Lukas"]
[Black "Boros, Denes"]
[WhiteFideId "24622702"]
[BlackFideId "722340"]
[WhiteElo "2349"]
[BlackElo "2464"]
[Result "1/2-1/2"]
[Round "02"]
[TimeControl "180+1"]
[Date "2022.08.16"]
[WhiteClock "0:00:14"]
[BlackClock "0:00:22"]

1. d4 Nc6 2. Nf3 d5 3. g3 Bg4 4. Bg2 Nf6 5. O-O Bxf3 6. Bxf3 e5 7. dxe5 Nxe5 8. Bg2 Bc5 9. Nd2 O-O 10. Nb3 Bb6 11. Bg5 c6 12. e4 dxe4 13. Qxd8 Raxd8 14. Bxf6 gxf6 15. Bxe4 Rfe8 16. a4 a5 17. Rab1 Kg7 18. Kg2 h5 19. Bf3 h4 20. gxh4 Rh8 21. h5 f5 22. Rbd1 Kf6 23. Rxd8 Bxd8 24. Nd2 Be7 25. Be2 Rg8+ 26. Kh1 Rd8 27. Nc4 Ng4 28. Bxg4 fxg4 29. Ne3 Kg5 30. Rd1 Rxd1+ 31. Nxd1 Kxh5 32. Kg2 f5 33. f3 Bc5 34. Nc3 Kg5 35. Ne2 Be3 36. fxg4 Kxg4 37. h3+ Kh4 38. Kf3 Bd2 39. Nd4 f4 40. Ne6 Kxh3 41. Nd8 b5 42. Nxc6 bxa4 43. c4 Bb4 44. Kxf4 Kg2 45. Ke4 a3 46. bxa3 Bxa3 47. Nxa5 Kf2 48. Kd5 Ke3 49. Nc6 Kd3 50. Ne5+ Kc3 51. Nf7 Kb3 52. Nd8 Ka4 53. Ne6 Ka5 54. Nd4 Kb6 55. Nc2 Bc5 56. Na1 Ba3 57. Nb3 Bb4 58. Nd4 Ba3 59. Nc2 Bc5 60. Ke4 Kc6 61. Ke5 Bd6+ 62. Kd4 Bc5+ 63. Kc3 Kb6 64. Ne1 Kc6 65. Nd3 Be7 66. Kb3 Kb6 67. Ne5 Kc5 68. Nd7+ Kc6 69. Ne5+ Kc5 70. Nf3 Kc6 71. Kc3 Bf6+ 72. Kd3 Be7 73. Nd2 Kc5 74. Ne4+ Kc6 75. Ng3 Bc5 76. Nf5 Bf8 77. Kd4 Bc5+ 78. Ke4 Bb4 79. c5 Kxc5 1/2-1/2


[Site "https://www.chess.com"]

[Event "Titled Tuesday Blitz August 16 Late 2022"]
[White "Wu, Rochelle"]
[Black "Oro, Luis"]
[WhiteFideId "30908132"]
[BlackFideId "104094"]
[WhiteElo "2168"]
[BlackElo "2255"]
[Result "1-0"]
[Round "02"]
[TimeControl "180+1"]
[Date "2022.08.18"]
[WhiteClock "0:00:00"]
[BlackClock "0:00:00"]

1. d4 Nf6 2. c4 e6 3. Nc3 Bb4 4. Qc2 O-O 5. a3 Bxc3+ 6. Qxc3 Ne4 7. Qc2 d5 8. cxd5 exd5 9. Nh3 Bxh3 10. gxh3 Nc6 11. Be3 f5 12. O-O-O f4 13. f3 fxe3 14. fxe4 Rf4 15. Bg2 dxe4 16. Bxe4 Nxd4 17. Qc4+ Kh8 18. Rxd4 Qf6 19. Rhd1 Re8 20. Bxb7 Rf2 21. Qc6 Qxc6+ 22. Bxc6 Ref8 23. Rd8 h6 24. Rxf8+ Rxf8 25. Bf3 1-0


[Site "https://www.chess.com"]

[Event "Titled Tuesday Blitz August 16 Late 2022"]
[White "Yanchenko, Roman"]
[Black "Bayo Milagro, Alvaro"]
[WhiteFideId "4137329"]
[BlackFideId "22275240"]
[WhiteElo "2514"]
[BlackElo "2270"]
[Result "1-0"]
[Round "02"]
[TimeControl "180+1"]
[Date "2022.08.16"]
[WhiteClock "0:00:06"]
[BlackClock "0:00:01"]

1. d4 Nf6 2. c4 e6 3. Nf3 d5 4. Nc3 Be7 5. Bg5 O-O 6. e3 h6 7. Bh4 b6 8. Bd3 dxc4 9. Bxc4 Bb7 10. O-O Nbd7 11. Qe2 a6 12. Rfd1 b5 13. Bd3 Nd5 14. Bg3 c5 15. Nxd5 Bxd5 16. a3 cxd4 17. Nxd4 Qb6 18. Rac1 Rac8 19. Bb1 Qb7 20. e4 Bc4 21. Qg4 Nf6 22. Qf4 Nh5 23. Qe3 Nxg3 24. hxg3 Bf6 25. e5 Bg5 26. f4 Be7 27. Kh2 Rfd8 28. Nf3 Rxd1 29. Rxd1 Rd8 30. Rxd8+ Bxd8 31. Be4 Qd7 32. Nd2 g6 33. Nxc4 bxc4 34. Qc5 Qb5 35. Qd6 Bb6 36. Bxg6 fxg6 37. Qxe6+ Kg7 38. Qf6+ Kh7 39. Qf7+ Kh8 40. Qxg6 Qc5 41. Qxh6+ Kg8 42. Qg6+ Kf8 43. Qf6+ Kg8 44. e6 Qg1+ 45. Kh3 Qh1+ 46. Kg4 Qd1+ 47. Kf5 Qh5+ 48. Ke4 Qe2+ 49. Kd5 Qxg2+ 50. Kd6 1-0


[Site "https://www.chess.com"]

[Event "Titled Tuesday Blitz August 16 Late 2022"]
[White "Zamorano, Jorge"]
[Black "Rosenberg, Evan S"]
[WhiteFideId "173770"]
[BlackFideId "2019299"]
[WhiteElo "2331"]
[BlackElo "1999"]
[Result "1-0"]
[Round "02"]
[TimeControl "180+1"]
[Date "2022.08.18"]
[WhiteClock "0:00:00"]
[BlackClock "0:00:00"]

1. d4 Nf6 2. c4 e6 3. Nf3 Bb4+ 4. Nbd2 b6 5. a3 Bxd2+ 6. Qxd2 a5 7. b3 Bb7 8. e3 d6 9. Be2 Nbd7 10. O-O Ne4 11. Qc2 f5 12. d5 e5 13. Ne1 g6 14. f3 Nef6 15. Bb2 O-O 16. Nd3 Qe7 17. Nf2 Nc5 18. b4 axb4 19. axb4 Ncd7 20. e4 fxe4 21. fxe4 b5 22. cxb5 Nb6 23. Rfc1 Rxa1 24. Bxa1 Rc8 25. Bc3 Rf8 26. Bd2 Ne8 27. Be3 Qh4 28. g3 Qe7 29. Qd2 Nd7 30. Bg4 h5 31. Be6+ Kh7 32. Bh6 Rf3 33. Nh3 Ra3 34. Ng5+ Kh8 35. Nf7+ Kh7 36. Bg5 Ndf6 37. Bxf6 Qxf6 38. Qh6+ Kg8 39. Ng5+ 1-0


[Site "https://www.chess.com"]

[Event "Titled Tuesday Blitz August 16 Late 2022"]
[White "Zeynalov, Farid"]
[Black "Hansen, Eric"]
[WhiteFideId "13402250"]
[BlackFideId "2606771"]
[WhiteElo "2278"]
[BlackElo "2568"]
[Result "0-1"]
[Round "02"]
[TimeControl "180+1"]
[Date "2022.08.16"]
[WhiteClock "0:00:02"]
[BlackClock "0:00:05"]

1. d4 Nf6 2. c4 e6 3. Nf3 Bb4+ 4. Bd2 Be7 5. g3 d5 6. Bg2 O-O 7. O-O Nbd7 8. Qc2 c6 9. Bf4 Nh5 10. Bd2 Nhf6 11. Bf4 b6 12. Nbd2 Bb7 13. e4 Rc8 14. e5 Ne8 15. cxd5 exd5 16. h4 Nc7 17. Ng5 Bxg5 18. Bxg5 Qe8 19. Be3 c5 20. f4 cxd4 21. Bxd4 Ne6 22. Qd3 Ndc5 23. Qe3 Nxd4 24. Qxd4 Qb5 25. Nb3 Ne4 26. Qe3 Rc4 27. Rfc1 Rcc8 28. f5 Qb4 29. f6 Rfe8 30. Rxc8 Bxc8 31. Bxe4 Qxe4 32. Qg5 Qg6 33. Qf4 gxf6 34. exf6 h6 35. Rc1 Bh3 36. Nd2 Qd3 37. Nf3 Qe2 38. Ne1 Kh7 39. Qf2 Qe4 40. Rd1 Rg8 41. Kh2 Be6 42. Ng2 Rg6 43. Ne3 Qe5 44. Rf1 d4 45. Nc2 d3 46. Nd4 Bd5 47. Nb3 a5 48. Nd2 Qxb2 49. Qf4 Qxa2 50. Rf2 Qb2 51. h5 Rg5 52. Qc7 Rxh5+ 53. Kg1 Rh1# 0-1


[Site "https://www.chess.com"]

[Event "Titled Tuesday Blitz August 16 Late 2022"]
[White "Zou, Chen"]
[Black "Remolar Gallen, Jose"]
[WhiteFideId "8610959"]
[BlackFideId "2215187"]
[WhiteElo "2276"]
[BlackElo "2205"]
[Result "1-0"]
[Round "02"]
[TimeControl "180+1"]
[Date "2022.08.18"]
[WhiteClock "0:00:00"]
[BlackClock "0:00:00"]

1. d4 Nf6 2. c4 g6 3. Nf3 Bg7 4. g3 O-O 5. Bg2 d6 6. O-O Nc6 7. Nc3 a6 8. d5 Na5 9. Nd2 c5 10. Rb1 e6 11. b3 exd5 12. Nxd5 Nxd5 13. Bxd5 Bh3 14. Re1 Nc6 15. Nf3 Nb4 16. Bxb7 Rb8 17. Be4 Nxa2 18. Bd2 Nc3 19. Bxc3 Bxc3 20. Nd2 Qa5 21. Nf3 Bxe1 22. Nxe1 Rfe8 23. Bc6 Red8 24. Nd3 Qc7 25. Bf3 Bf5 26. e4 Be6 27. h4 Rb6 28. h5 Rdb8 29. Qc2 a5 30. h6 Qe7 31. Qc3 Qf8 32. e5 dxe5 33. Qxe5 Rxb3 34. Rxb3 Rxb3 35. Nxc5 Rb1+ 36. Kg2 Bh3+ 37. Kh2 Bc8 38. Qe3 Rb6 39. Bd5 Rf6 40. Ne4 Rf5 41. Kg2 Qe7 42. Nf6+ Kf8 43. Nxh7+ Ke8 44. Nf6+ Kd8 45. Qxe7+ Kxe7 46. h7 1-0


[Site "https://www.chess.com"]

[Event "Titled Tuesday Blitz August 16 Late 2022"]
[White "Adewumi, Tanitoluwa"]
[Black "Adury, Anant"]
[WhiteFideId "30966396"]
[BlackFideId "30964687"]
[WhiteElo "2302"]
[BlackElo "2028"]
[Result "1-0"]
[Round "03"]
[TimeControl "180+1"]
[Date "2022.08.18"]
[WhiteClock "0:00:00"]
[BlackClock "0:00:00"]

1. e4 e5 2. Nf3 Nf6 3. Nxe5 d6 4. Nf3 Nxe4 5. d4 d5 6. Bd3 Be7 7. O-O O-O 8. c4 Nf6 9. cxd5 Nxd5 10. Nc3 Be6 11. Re1 Nc6 12. Be3 Bf6 13. Rc1 g6 14. Ne4 Nxe3 15. fxe3 Be7 16. a3 Bd5 17. Nc3 Be6 18. Be4 Na5 19. b4 Nc4 20. Bxb7 Rb8 21. Bc6 Nxa3 22. b5 Nc4 23. Ne4 Nb6 24. Nc5 Bxc5 25. dxc5 Nd5 26. Nd4 Ne7 27. Qf3 Nxc6 28. Qxc6 Bd5 29. Qa6 Qg5 30. Rc2 Be4 31. Rf2 Qxc5 32. Rf4 f5 33. Qe6+ Kh8 34. Rh4 Qd6 35. Qc4 Qe5 36. Rc1 Rfe8 37. Qxc7 Qxc7 38. Rxc7 h5 39. h3 Rec8 40. Rxc8+ Rxc8 41. g4 fxg4 42. hxg4 Rc5 43. gxh5 Rxh5 44. Rxe4 Rc5 45. Kf2 Kg7 46. Ne6+ Kf6 47. Nxc5 1-0


[Site "https://www.chess.com"]

[Event "Titled Tuesday Blitz August 16 Late 2022"]
[White "Akbas, Umut Ata"]
[Black "Taboas Rodriguez, Daniel"]
[WhiteFideId "44572646"]
[BlackFideId "2208466"]
[WhiteElo "1654"]
[BlackElo "2429"]
[Result "1/2-1/2"]
[Round "03"]
[TimeControl "180+1"]
[Date "2022.08.16"]
[WhiteClock "0:00:29"]
[BlackClock "0:00:47"]

1. Nf3 Nf6 2. c4 g6 3. b3 Bg7 4. Bb2 O-O 5. g3 b6 6. Bg2 Bb7 7. O-O c5 8. d4 cxd4 9. Qxd4 Nc6 10. Qd2 d5 11. Ne5 Rc8 12. Na3 dxc4 13. Qxd8 Rfxd8 14. Naxc4 Nxe5 15. Bxe5 Bxg2 16. Kxg2 b5 17. Ne3 Nd5 18. Nxd5 Rxd5 19. Bxg7 Kxg7 20. Kf3 Rd2 21. Rfd1 Rcc2 22. Rxd2 Rxd2 23. a4 b4 24. Rc1 Rb2 25. Rc7 Rxb3+ 26. e3 a5 27. Ra7 Ra3 28. Rxa5 b3 29. Rb5 Rxa4 30. Rxb3 h5 31. Rb7 e6 32. h3 Rc4 33. g4 hxg4+ 34. hxg4 g5 35. Rb5 Kg6 36. Kg3 Ra4 37. Rb8 Rc4 38. Rb3 Ra4 39. f4 gxf4+ 40. exf4 f5 41. Re3 Kf6 42. g5+ Kf7 43. Rb3 Kg6 44. Rb6 Re4 45. Rc6 Kh5 46. Rc8 e5 47. Rh8+ Kg6 48. Rh6+ Kg7 49. fxe5 Rg4+ 50. Kf3 Rxg5 51. Rf6 Rg1 52. Kf4 Rf1+ 53. Kg5 f4 54. e6 Re1 55. Rf7+ Kg8 56. Kf6 f3 57. Ke7 Re3 58. Kd7 Rd3+ 59. Ke8 Re3 60. e7 Rd3 61. Rf4 Kg7 62. Rg4+ Kf6 63. Kf8 Re3 64. Rf4+ Kg5 65. Rf7 Kg4 66. e8=Q Rxe8+ 67. Kxe8 Kg3 68. Kd7 f2 69. Ke6 Kg2 70. Kd5 f1=Q 71. Rxf1 Kxf1 1/2-1/2


[Site "https://www.chess.com"]

[Event "Titled Tuesday Blitz August 16 Late 2022"]
[White "Al Hosani, Omran"]
[Black "Martinez Reyes, Pedro Ramon"]
[WhiteFideId "9308733"]
[BlackFideId "3901807"]
[WhiteElo "2236"]
[BlackElo "2327"]
[Result "0-1"]
[Round "03"]
[TimeControl "180+1"]
[Date "2022.08.18"]
[WhiteClock "0:00:00"]
[BlackClock "0:00:00"]

1. d4 Nf6 2. Bf4 d6 3. Nf3 Nbd7 4. e3 Nh5 5. Bg5 h6 6. Bh4 g5 7. Nfd2 Ng7 8. Bg3 Nf5 9. Bd3 Nxg3 10. hxg3 Bg7 11. Nc3 c5 12. Ne2 b6 13. c3 Bb7 14. g4 Bxg2 15. Rh2 Bb7 16. Ng3 e6 17. Nh5 Bf8 18. Qe2 Qc7 19. a4 O-O-O 20. a5 Kb8 21. axb6 axb6 22. Ba6 Be7 23. Ng3 Bxa6 24. Qxa6 Qb7 25. Qb5 Kc7 26. Ke2 Ra8 27. Rhh1 Rxa1 28. Rxa1 Ra8 29. Rxa8 Qxa8 30. Nc4 d5 31. Qxd7+ Kxd7 32. Nxb6+ Kc6 33. Nxa8 Kb7 34. Kd3 c4+ 35. Kc2 Kxa8 36. b3 cxb3+ 37. Kxb3 Kb7 38. c4 dxc4+ 39. Kxc4 Kc6 40. e4 Bd6 41. d5+ Kd7 42. Ne2 Be5 43. f3 Kd6 44. Nc1 f5 45. Nd3 exd5+ 46. exd5 Bf6 47. Nb4 Ke5 48. Nc6+ Kf4 49. d6 Kxf3 50. gxf5 g4 51. Kd5 g3 52. d7 g2 53. Ne5+ Kg3 54. Ng4 Kxg4 55. Ke6 Bd8 56. f6 g1=Q 57. f7 Qe3+ 58. Kd5 Qe7 59. Kc6 Qxf7 0-1


[Site "https://www.chess.com"]

[Event "Titled Tuesday Blitz August 16 Late 2022"]
[White "Aldokhin, Ivan"]
[Black "Kobo, Ori"]
[WhiteFideId "24115720"]
[BlackFideId "2812320"]
[WhiteElo "2246"]
[BlackElo "2420"]
[Result "1-0"]
[Round "03"]
[TimeControl "180+1"]
[Date "2022.08.16"]
[WhiteClock "0:00:06"]
[BlackClock "0:00:01"]

1. e4 g6 2. d4 Bg7 3. Nc3 d6 4. Bg5 a6 5. Qd2 b5 6. Nf3 Bb7 7. Bd3 Nd7 8. O-O-O c5 9. Rhe1 cxd4 10. Ne2 Qb6 11. Kb1 h6 12. Bh4 Rc8 13. g4 Qc5 14. Nc1 Ne5 15. Nxe5 dxe5 16. Nb3 Qd6 17. Bg3 Nf6 18. h3 g5 19. f3 Nd7 20. h4 Bf6 21. Qh2 Qb6 22. Nc1 e6 23. Ne2 Ke7 24. Bf2 Qc7 25. Ng3 gxh4 26. Nh5 Bg5 27. Bxh4 f6 28. Bxg5 hxg5 29. Qd2 Nc5 30. Rh1 Qd6 31. Rh2 Na4 32. Rdh1 b4 33. Nxf6 Rxh2 34. Rxh2 Kd8 35. Rh7 Nc3+ 36. Ka1 Bc6 37. Qxg5 Qf8 38. Nd5+ Ke8 39. Re7+ 1-0


[Site "https://www.chess.com"]

[Event "Titled Tuesday Blitz August 16 Late 2022"]
[White "Amburgy, Ryan"]
[Black "Ozalp, Burak"]
[WhiteFideId "30924820"]
[BlackFideId "6314210"]
[WhiteElo "2152"]
[BlackElo "2206"]
[Result "1-0"]
[Round "03"]
[TimeControl "180+1"]
[Date "2022.08.18"]
[WhiteClock "0:00:00"]
[BlackClock "0:00:00"]

1. d4 Nf6 2. Nc3 d5 3. Bf4 c6 4. e3 g6 5. h4 h5 6. Nf3 Bg7 7. Ne5 Nbd7 8. Bd3 e6 9. f3 c5 10. dxc5 Nxc5 11. Bb5+ Bd7 12. Qd4 Qb6 13. Nxd7 Ncxd7 14. Qxb6 axb6 15. O-O-O O-O 16. a3 Rac8 17. e4 e5 18. Bg5 d4 19. Nd5 Rc5 20. Bxd7 Nxd7 21. Be7 Bh6+ 22. Kb1 Rfc8 23. Bxc5 bxc5 24. Ne7+ 1-0


[Site "https://www.chess.com"]

[Event "Titled Tuesday Blitz August 16 Late 2022"]
[White "Averjanov, Alexey"]
[Black "Prieto Aranguren, Alain"]
[WhiteFideId "14109867"]
[BlackFideId "2268906"]
[WhiteElo "2399"]
[BlackElo "2224"]
[Result "1-0"]
[Round "03"]
[TimeControl "180+1"]
[Date "2022.08.18"]
[WhiteClock "0:00:00"]
[BlackClock "0:00:00"]

1. d4 Nf6 2. c4 g6 3. Nc3 Bg7 4. e4 d6 5. Be2 O-O 6. Nf3 e5 7. O-O Nc6 8. d5 Ne7 9. Ne1 Nd7 10. Be3 f5 11. f3 f4 12. Bf2 g5 13. a4 Rf6 14. a5 Rh6 15. g4 fxg3 16. hxg3 Nf6 17. g4 Ng6 18. Nd3 Nf4 19. Nxf4 exf4 20. Kg2 Rg6 21. Rh1 Nd7 22. Nb5 Ne5 23. Nd4 c5 24. dxc6 bxc6 25. Nf5 Bxf5 26. gxf5 Rf6 27. Rh5 h6 28. Bd4 Rf7 29. Bc3 Rb8 30. Qd2 Rfb7 31. Rd1 Rd7 32. b4 Qe8 33. Rdh1 Qf7 34. Qd4 Qf8 35. Qd1 Qf7 36. Qf1 a6 37. R5h3 Nxc4 38. Bxc4 d5 39. Bxg7 dxc4 40. Be5 Rd2+ 41. Kg1 Qe7 42. Bxb8 Qxb4 43. Ba7 c5 44. R1h2 c3 45. Rxd2 cxd2 46. Qd1 Qd4+ 47. Kg2 Qe3 48. Rh1 g4 49. Bxc5 1-0


[Site "https://www.chess.com"]

[Event "Titled Tuesday Blitz August 16 Late 2022"]
[White "Babazada, Khazar"]
[Black "Claverie, Christophe"]
[WhiteFideId "13413554"]
[BlackFideId "605514"]
[WhiteElo "2409"]
[BlackElo "2300"]
[Result "1-0"]
[Round "03"]
[TimeControl "180+1"]
[Date "2022.08.16"]
[WhiteClock "0:00:05"]
[BlackClock "0:00:02"]

1. Nf3 Nf6 2. g3 g6 3. Bg2 Bg7 4. O-O O-O 5. d3 d5 6. Nc3 c5 7. e4 d4 8. Ne2 Nc6 9. a4 e5 10. h3 Ne8 11. Nd2 Nd6 12. f4 f5 13. fxe5 Nxe5 14. Nf4 fxe4 15. Nxe4 Nxe4 16. Bxe4 g5 17. Qh5 h6 18. Bd2 gxf4 19. Rae1 Qg5 20. Qxg5 hxg5 21. gxf4 gxf4 22. Bxf4 Bxh3 23. Bd5+ Kh7 24. Rf2 Rxf4 25. Rxf4 Ng6 26. Rf2 Bd7 27. Rf7 Bc6 28. Bxc6 bxc6 29. Rc7 Rf8 30. Rxc6 Rf5 31. Rc7 Kh6 32. Rxa7 Be5 33. a5 Bf4 34. a6 Be3+ 35. Kh1 Nf4 36. Rxe3 dxe3 37. Re7 e2 38. a7 Rf8 39. Kg1 Ra8 40. Kf2 Kg5 41. Ke1 Kf6 42. Re4 Kf5 43. Re7 Kf6 44. Rb7 Ke5 45. c3 Kf5 46. Re7 Kf6 47. Rb7 Kf5 48. b4 cxb4 49. cxb4 Kg4 50. b5 Kf3 51. Rf7 Ke3 52. Re7+ Kxd3 53. b6 Rh8 54. Kf2 Rh2+ 55. Kg3 Rh1 56. a8=Q 1-0


[Site "https://www.chess.com"]

[Event "Titled Tuesday Blitz August 16 Late 2022"]
[White "Badmatsyrenov, Oleg"]
[Black "Yanchenko, Roman"]
[WhiteFideId "24115762"]
[BlackFideId "4137329"]
[WhiteElo "2403"]
[BlackElo "2514"]
[Result "1-0"]
[Round "03"]
[TimeControl "180+1"]
[Date "2022.08.16"]
[WhiteClock "0:00:11"]
[BlackClock "0:00:16"]

1. e4 e6 2. d4 d5 3. Nc3 Bb4 4. a3 Bxc3+ 5. bxc3 Ne7 6. Bd3 b6 7. Nf3 Ba6 8. O-O Bxd3 9. cxd3 h6 10. a4 c5 11. Ba3 cxd4 12. cxd4 O-O 13. Rc1 Nbc6 14. Qd2 Re8 15. Rc2 Rc8 16. Rfc1 Qd7 17. Qf4 dxe4 18. dxe4 Ng6 19. Qd6 Qxd6 20. Bxd6 Nce7 21. g3 f6 22. Rc7 Rxc7 23. Rxc7 Nc8 24. Bb4 Rd8 25. Kf1 h5 26. h4 a5 27. Ba3 Nd6 28. Bxd6 Rxd6 29. Ke2 Nf8 30. Ke3 b5 31. axb5 Rb6 32. Rc5 Nd7 33. Rc6 Rxb5 34. Rxe6 Nb6 35. Re7 a4 36. Ra7 Rb3+ 37. Ke2 Kh7 38. Nd2 Rb2 39. Kd3 Kg6 40. f4 Ra2 41. f5+ Kh7 42. d5 Ra3+ 43. Kd4 Rxg3 44. d6 Rh3 45. Nc4 Nxc4 46. Kxc4 Rh1 47. Rxa4 Rd1 48. Kc5 Kg8 49. Rd4 Rxd4 50. Kxd4 Kf7 51. Kd5 Ke8 52. Ke6 Kd8 1-0


[Site "https://www.chess.com"]

[Event "Titled Tuesday Blitz August 16 Late 2022"]
[White "Bartholomew, John"]
[Black "Vasquez Schroeder, Rodrigo"]
[WhiteFideId "2019353"]
[BlackFideId "3400042"]
[WhiteElo "2685"]
[BlackElo "2567"]
[Result "0-1"]
[Round "03"]
[TimeControl "180+1"]
[Date "2022.08.16"]
[WhiteClock "0:00:14"]
[BlackClock "0:01:12"]

1. d4 Nf6 2. c4 e6 3. Nf3 Bb4+ 4. Bd2 c5 5. Bxb4 cxb4 6. g3 b6 7. Bg2 Bb7 8. O-O a5 9. a3 Na6 10. axb4 Nxb4 11. Na3 O-O 12. Nc2 Na6 13. b3 d5 14. Ne5 Qe7 15. Qd3 Rfd8 16. Rfd1 Rac8 17. e3 dxc4 18. bxc4 Bxg2 19. Kxg2 Qb7+ 20. Kg1 Nc5 21. Qe2 Nce4 22. Qf3 Qc7 23. Na3 Nd6 24. Rdc1 h6 25. Rab1 Nfe4 26. Rc2 f6 27. Nd3 Rb8 28. Rbc1 f5 29. c5 bxc5 30. Nxc5 Qe7 31. Nc4 Nxc4 32. Rxc4 Nd2 33. Qc6 Nxc4 34. Rxc4 Rdc8 35. Qa4 Qc7 36. h4 Rb1+ 37. Kh2 Qc6 38. Qxc6 Rxc6 39. Ra4 Rb5 40. Kg2 e5 41. Nd3 exd4 42. exd4 Rc2 43. Kf3 Rb3 0-1


[Site "https://www.chess.com"]

[Event "Titled Tuesday Blitz August 16 Late 2022"]
[White "Bayo Milagro, Alvaro"]
[Black "Chernomordik, Pavel"]
[WhiteFideId "22275240"]
[BlackFideId "2804530"]
[WhiteElo "2285"]
[BlackElo "2200"]
[Result "0-1"]
[Round "03"]
[TimeControl "180+1"]
[Date "2022.08.18"]
[WhiteClock "0:00:00"]
[BlackClock "0:00:00"]

1. c4 g6 2. g3 Bg7 3. Bg2 e5 4. Nc3 Nc6 5. d3 d6 6. Nf3 h6 7. O-O Be6 8. Rb1 Qd7 9. b4 Bh3 10. b5 Nd8 11. a4 Bxg2 12. Kxg2 Ne6 13. Ba3 Ne7 14. Nd5 O-O 15. Qd2 f5 16. Rbc1 Kh7 17. Qc2 c6 18. Nxe7 Qxe7 19. bxc6 bxc6 20. Rb1 e4 21. dxe4 fxe4 22. Qxe4 Nf4+ 23. Qxf4 Rxf4 24. gxf4 Qxe2 25. Bxd6 Qe6 0-1


[Site "https://www.chess.com"]

[Event "Titled Tuesday Blitz August 16 Late 2022"]
[White "Begmuratov, Khumoyun"]
[Black "Vusatiuk, Vladimir"]
[WhiteFideId "14210207"]
[BlackFideId "14118610"]
[WhiteElo "2353"]
[BlackElo "2308"]
[Result "1-0"]
[Round "03"]
[TimeControl "180+1"]
[Date "2022.08.18"]
[WhiteClock "0:00:00"]
[BlackClock "0:00:00"]

1. e4 e6 2. d4 d5 3. Nc3 Nf6 4. Bg5 dxe4 5. Nxe4 Be7 6. Bxf6 gxf6 7. Nf3 f5 8. Ng3 c5 9. Bb5+ Nc6 10. O-O Bd7 11. d5 Nb4 12. Bxd7+ Qxd7 13. dxe6 Qxd1 14. exf7+ Kxf7 15. Rfxd1 Nxc2 16. Rac1 Nd4 17. Nxd4 cxd4 18. Nxf5 Bf6 19. Rc7+ Kg6 20. Ng3 b5 21. Ne4 Rhc8 22. Rd7 Be5 23. Rd5 Bh8 24. Rxb5 Rab8 25. Rg5+ Kh6 26. h4 Rxb2 27. Nd6 Rf8 28. Rc1 Rfxf2 29. Rc6 Bf6 30. Nf7# 1-0


[Site "https://www.chess.com"]

[Event "Titled Tuesday Blitz August 16 Late 2022"]
[White "Blanco Ronquillo, Humberto L."]
[Black "Koepke, Christian"]
[WhiteFideId "3504239"]
[BlackFideId "4655737"]
[WhiteElo "2425"]
[BlackElo "2188"]
[Result "1/2-1/2"]
[Round "03"]
[TimeControl "180+1"]
[Date "2022.08.18"]
[WhiteClock "0:00:00"]
[BlackClock "0:00:00"]

1. d4 d5 2. c4 e5 3. dxe5 Ne7 4. cxd5 Qxd5 5. Qxd5 Nxd5 6. a3 Nc6 7. e4 Nb6 8. Bb5 Bd7 9. Bxc6 Bxc6 10. Nc3 O-O-O 11. Nf3 h6 12. Ke2 g5 13. h3 Bg7 14. b3 Rhe8 15. Bb2 f6 16. Rad1 fxe5 17. Nh2 Nd7 18. b4 Nf6 19. f3 Nh5 20. Rxd8+ Rxd8 21. Rd1 Nf4+ 22. Kf1 Nd3 23. Ba1 Bf8 24. Ng4 a5 25. b5 Be8 26. a4 h5 27. Ne3 Bc5 28. Ncd5 Nf4 29. Bxe5 c6 30. Bxf4 gxf4 31. Nc4 cxd5 32. exd5 Bf7 33. Nxa5 Rxd5 34. Rxd5 Bxd5 35. Ke2 Bb4 36. Nxb7 Kxb7 37. Kd3 Bc5 38. Kc3 Be6 39. Kd3 Bd5 40. a5 Kc7 41. Kc3 Kb7 42. Kd3 h4 43. Kc3 Kc7 44. Kd3 Kd6 45. Kc3 Be6 46. Kd3 Kd5 47. b6 Kc6 48. Ke4 Bd6 49. Kd4 Bf5 50. Kc4 Bc2 51. Kd4 Bd1 52. Ke4 Be2 53. Kf5 Bf1 54. Kg4 Bxg2 55. a6 Kxb6 56. a7 Kxa7 57. Kxh4 Bxf3 58. Kg5 Bg2 59. h4 f3 60. h5 f2 61. h6 f1=Q 62. h7 Qf2 63. Kh6 Qg3 64. h8=Q Qh4+ 65. Kg7 Qxh8+ 66. Kxh8 Be5+ 67. Kg8 Kb6 68. Kh7 Kc5 69. Kg6 Kd5 70. Kf5 Be4+ 71. Kg4 Ke6 72. Kg5 Bf6+ 73. Kg4 Ke5 74. Kg3 Kf5 75. Kf2 Be5 76. Ke2 Bd4 77. Kd2 Ke5 78. Ke2 Kf4 79. Kf1 Kf3 80. Ke1 Be3 81. Kd1 Bd3 82. Ke1 Ke4 83. Kd1 Kf3 84. Ke1 Kg3 85. Kd1 Bc4 86. Kc2 Bd4 87. Kd2 Kf3 88. Kc2 Ke2 89. Kc1 Bb3 90. Kb1 Kd3 91. Kc1 Kc3 92. Kb1 Be3 93. Ka1 Bc2 94. Ka2 Bc5 95. Ka1 Kb4 96. Kb2 Bd3 97. Kc1 Kc3 98. Kd1 Be4 99. Ke2 Kd4 100. Kf2 Ke5+ 101. Ke1 Be3 102. Ke2 Kd4 103. Kd1 Bf3+ 104. Ke1 Ke4 105. Kf1 Bf4 106. Ke1 Bg3+ 107. Kf1 Be5 108. Ke1 Bc3+ 109. Kf2 Kf4 110. Kf1 Kg3 111. Kg1 Bd4+ 112. Kf1 Bc3 113. Kg1 Be4 114. Kf1 Bd3+ 115. Kg1 Bd4+ 116. Kh1 1/2-1/2


[Site "https://www.chess.com"]

[Event "Titled Tuesday Blitz August 16 Late 2022"]
[White "Bochnicka, Vladimir"]
[Black "Olenik Campa, Rudi"]
[WhiteFideId "14943450"]
[BlackFideId "14633264"]
[WhiteElo "2343"]
[BlackElo "2135"]
[Result "1-0"]
[Round "03"]
[TimeControl "180+1"]
[Date "2022.08.18"]
[WhiteClock "0:00:00"]
[BlackClock "0:00:00"]

1. e4 c5 2. Nf3 Nc6 3. d4 cxd4 4. Nxd4 Nf6 5. Nc3 e5 6. Ndb5 d6 7. Bg5 a6 8. Na3 b5 9. Nd5 Be7 10. Bxf6 Bxf6 11. c3 Be6 12. Nc2 O-O 13. Nce3 Bg5 14. a4 bxa4 15. Rxa4 a5 16. Bc4 Ne7 17. b3 Bxe3 18. Nxe3 Bxc4 19. Rxc4 Qb6 20. O-O Rfc8 21. Rxc8+ Rxc8 22. Nc4 Qb8 23. h3 a4 24. Qxd6 axb3 25. Qxe7 Rxc4 26. Rd1 Rc8 27. Rd7 Rf8 28. Rb7 b2 29. Qxf7+ Rxf7 30. Rxb8+ Rf8 31. Rxb2 Rc8 32. Rc2 Kf7 33. f3 Kf6 34. Kf2 Ke6 35. Ke3 Kd6 36. c4 Kc5 37. f4 exf4+ 38. Kxf4 Rf8+ 39. Ke3 Ra8 40. e5 Kb4 41. c5 Kb3 42. Rc1 Kb2 43. Rc4 Kb3 44. Rg4 g6 45. e6 Re8 46. Re4 1-0


[Site "https://www.chess.com"]

[Event "Titled Tuesday Blitz August 16 Late 2022"]
[White "Bodnar, Nikolay"]
[Black "Sourath Biswas"]
[WhiteFideId "14106469"]
[BlackFideId "35091484"]
[WhiteElo "2441"]
[BlackElo "2302"]
[Result "1-0"]
[Round "03"]
[TimeControl "180+1"]
[Date "2022.08.18"]
[WhiteClock "0:00:00"]
[BlackClock "0:00:00"]

1. c4 Nf6 2. g3 g6 3. Bg2 Bg7 4. Nc3 O-O 5. d3 d6 6. Nf3 e5 7. O-O Nc6 8. Rb1 a5 9. a3 Re8 10. b4 axb4 11. axb4 e4 12. dxe4 Nxe4 13. Nxe4 Rxe4 14. Nd2 Re8 15. b5 Ne5 16. Bb2 Bf5 17. e4 Bg4 18. f3 Be6 19. Qc2 Ra2 20. Qb3 Rxb2 21. Rxb2 Nxc4 22. Nxc4 Bxc4 23. Qxc4 Bxb2 24. f4 c6 25. bxc6 Qb6+ 26. Kh1 Qxc6 27. Qb3 Qc3 28. Qxb7 Qd3 29. Qxb2 1-0


[Site "https://www.chess.com"]

[Event "Titled Tuesday Blitz August 16 Late 2022"]
[White "Bongo Akanga Ndjila, Barthelemy"]
[Black "Martinez, Shawn"]
[WhiteFideId "10609431"]
[BlackFideId "2039770"]
[WhiteElo "1768"]
[BlackElo "2174"]
[Result "0-1"]
[Round "03"]
[TimeControl "180+1"]
[Date "2022.08.18"]
[WhiteClock "0:00:00"]
[BlackClock "0:00:00"]

1. d4 g6 2. c4 Bg7 3. Nc3 d6 4. e4 h6 5. Be2 a6 6. Nf3 b6 7. O-O e6 8. Re1 Bb7 9. Bf1 Nd7 10. Qc2 Ne7 11. g3 O-O 12. Nh4 g5 13. Nf3 Nc6 14. d5 Nce5 15. Nxe5 Nxe5 16. Re3 f5 17. exf5 exf5 18. b3 f4 19. Re2 Nf3+ 20. Kh1 Nd4 21. Qd3 Nxe2 22. Bxe2 fxg3 23. hxg3 Rxf2 24. Be3 Rxe2 25. Qxe2 Bxc3 26. Rf1 Qe7 27. Qh5 Bg7 28. Bc1 Rf8 29. Rxf8+ Qxf8 30. Kg2 Bc8 31. Qe2 Qf5 32. Qe3 Be5 33. Bd2 Qh3+ 34. Kf2 Bg4 35. Bc3 Qh2+ 36. Kf1 Qh1+ 37. Kf2 Qh2+ 38. Kf1 Qxg3 39. Qxg3 Bxg3 40. Bf6 Bf4 41. Bd8 h5 42. Bxc7 b5 43. c5 dxc5 44. d6 Kf7 45. Bb6 c4 46. bxc4 bxc4 47. Bd4 h4 48. d7 Bxd7 49. Kg2 Bf5 50. Kh1 Be4+ 51. Kg1 h3 0-1


[Site "https://www.chess.com"]